 Dungeon Crawl Stone Soup version 0.24-a0-290-gbb66a67 (webtiles) character file.

Game seed: 9857153635094266830

224789 Vizzle the Markscentaur (level 18, -9/170 HPs)
             Began as a Centaur Hunter on May 8, 2019.
             Was the Champion of Okawaru.
             Drowned by a water elemental (13 damage)
             ... summoned by Ilsuiw
             ... on level 2 of the Shoals on May 9, 2019.
             The game lasted 02:20:46 (45604 turns).

Vizzle the Markscentaur (Centaur Hunter)           Turns: 45604, Time: 02:20:46

Health: -9/170     AC: 49    Str: 25    XL:     18   Next: 60%
Magic:  26/26      EV:  7    Int: 10    God:    Okawaru [******]
Gold:   2220       SH:  0    Dex: 15    Spells: 14/17 levels left

rFire    + . .     SeeInvis +   a - +7 longbow "Ninawufe" {velocity, Dex+3}
rCold    + + +     Gourm    .   (shield currently unavailable)
rNeg     . . .     Faith    .   W - +8 plate armour of the Solstice {MR++ Regen+ Dex-4 SInv}
rPois    +         Spirit   .   S - +1 helmet of the Vacuum {rC+ Str+2 Dex+6}
rElec    .         Reflect  .   p - +2 cloak
rCorr    .         Harm     +   K - +2 pair of gloves
MR       +++..                  X - +4 centaur barding {rF+}
Stlth    ..........             l - amulet of Suspected Treachery {Harm *Drain rPois rC+}
HPRegen  0.78/turn              n - +5 ring of protection
MPRegen  0.20/turn              r - +3 ring of slaying

@: engulfed (cannot breathe), mesmerised, hasted, very quick
A: large, hooves 3, repulsion field 2, thin metallic scales 1, cold resistance
1, deformed body, speed 2, tough skin 3, evolution 1, MP-powered wands
}: 1/15 runes: serpentine
a: Heroism, Finesse, Renounce Religion


You were on level 2 of the Shoals.
You worshipped Okawaru.
Okawaru was exalted by your worship.
You were hungry.

You visited 7 branches of the dungeon, and saw 31 of its levels.
You also visited: Sewer, Ice Cave, Volcano and Desolation.

You collected 3056 gold pieces.
You spent 836 gold pieces at shops.

Inventory:

Hand Weapons
 a - the +7 longbow "Ninawufe" (weapon) {velocity, Dex+3}
   (Okawaru gifted it to you in a volcano)

   Any arrow fired from it inflicts extra damage.
   It affects your dexterity (+3).
 H - a +2 trident of venom
 Y - a +8 longbow of flaming
Missiles
 d - 1065 arrows (quivered)
 g - 5 throwing nets
Armour
 p - a +2 cloak (worn)
 K - a +2 pair of gloves (worn)
 S - the +1 helmet of the Vacuum (worn) {rC+ Str+2 Dex+6}
   (You found it on level 13 of the Dungeon)

   It affects your strength (+2).
   It affects your dexterity (+6).
   It protects you from cold.
 W - the +8 plate armour of the Solstice (worn) {MR++ Regen+ Dex-4 SInv}
   (Okawaru gifted it to you on level 2 of the Orcish Mines)

   It affects your dexterity (-4).
   It affects your resistance to hostile enchantments.
   It lets you see invisible.
   It increases your rate of regeneration.
 X - a +4 centaur barding of fire resistance (worn)
Jewellery
 l - the amulet of Suspected Treachery (around neck) {Harm *Drain rPois rC+}
   (You found it in the Desolation of Salt)

   [amulet of harm]

   It increases damage dealt and taken.
   It protects you from cold.
   It protects you from poison.
   It causes draining when unequipped.
 n - a +5 ring of protection (left hand)
 r - a +3 ring of slaying (right hand)
 t - the ring of Ciwnisic {rF+ Dex+3 Stlth+}
   (You found it in the Desolation of Salt)

   [ring of protection from fire]

   It affects your dexterity (+3).
   It protects you from fire.
   It makes you more stealthy.
 w - a +5 amulet of reflection
 D - the ring of Ifudede {Wiz rElec rC+}
   (You found it on level 6 of the Dungeon)

   [ring of wizardry]

   It improves your spell success rate.
   It protects you from cold.
   It insulates you from electricity.
 F - an uncursed ring of resist corrosion
 M - an uncursed ring of flight
 V - an uncursed ring of protection from magic
Wands
 c - a wand of iceblast (10)
 E - a wand of disintegration (23)
 U - a wand of paralysis (5)
Scrolls
 b - 2 scrolls of blinking
 i - 10 scrolls of fog
 j - 4 scrolls of magic mapping
 q - 7 scrolls of remove curse
 x - 5 scrolls of amnesia
 y - a scroll of fear
 A - 20 scrolls of teleportation
 C - 6 scrolls of immolation
 I - 3 scrolls of identify
Potions
 e - 5 potions of lignification
 k - 5 potions of magic
 o - 3 potions of agility
 s - 11 potions of curing
 u - 3 potions of berserk rage
 v - a potion of cancellation
 z - 2 potions of haste
 B - 8 potions of flight
 J - a potion of brilliance
 N - 2 potions of ambrosia
 R - 3 potions of might
Miscellaneous
 m - a phantom mirror
 G - a lamp of fire (inert)
Comestibles
 f - 50 rations


   Skills:
 + Level 17.5 Fighting
 - Level 11.1 Polearms
 - Level 20.0 Bows
 * Level 14.1 Armour
 - Level 1.3 Dodging
 - Level 0.4 Stealth
 * Level 11.8 Invocations
 - Level 2.4 Evocations


You had 14 spell levels left.
You knew the following spells:

 Your Spells              Type           Power        Failure   Level  Hunger
a - Portal Projectile     Hex/Tloc       #.....       100%        3    ####...

Your spell library contained the following spells:

 Spells                   Type           Power        Failure   Level  Hunger
 Beastly Appendage        Tmut           #.....       96%         1    ##.....
 Corona                   Hex            #......      96%         1    ##.....
 Flame Tongue             Conj/Fire      #....        96%         1    ##.....
 Shock                    Conj/Air       #...         96%         1    ##.....
 Corpse Rot               Necr           N/A          99%         2    ###....
 Ensorcelled Hibernation  Hex/Ice        #.....       99%         2    ###....
 Passwall                 Tmut/Erth      #.......     99%         2    ###....
 Poisonous Vapours        Pois/Air       #.....       99%         2    ###....
 Slow                     Hex            #.......     99%         2    ###....
 Sticks to Snakes         Tmut           #.......     99%         2    ###....
 Swiftness                Chrm/Air       #.......     99%         2    ###....
 Throw Flame              Conj/Fire      #.....       99%         2    ###....
 Confuse                  Hex            #.......     100%        3    ####...
 Dazzling Spray           Conj/Hex       #.....       100%        3    ####...
 Inner Flame              Hex/Fire       #.......     100%        3    ####...
 Spider Form              Tmut/Pois      #.........   100%        3    ####...
 Static Discharge         Conj/Air       #.......     100%        3    ####...
 Stone Arrow              Conj/Erth      #.....       100%        3    ####...
 Tukima's Dance           Hex            #.......     100%        3    ####...
 Airstrike                Air            #.........   100%        4    #####..
 Cause Fear               Hex            #.........   100%        4    #####..
 Ice Form                 Ice/Tmut       #.......     100%        4    #####..
 Leda's Liquefaction      Hex/Erth       #.........   100%        4    #####..
 Blade Hands              Tmut           #.........   100%        5    ######.
 Bolt of Magma            Conj/Fire/Erth #.........   100%        5    ######.
 Borgnjor's Vile Clutch   Necr/Erth      #.........   100%        5    ######.
 Fireball                 Conj/Fire      #.........   100%        5    ######.
 Iskenderun's Battlesphe  Conj/Chrm      #.......     100%        5    ######.
 Lightning Bolt           Conj/Air       #.........   100%        5    ######.
 Silence                  Hex/Air        #.........   100%        5    ######.
 Summon Forest            Summ/Tloc      #.........   100%        5    ######.
 Venom Bolt               Conj/Pois      #.........   100%        5    ######.
 Yara's Violent Unravell  Hex/Tmut       #.........   100%        5    ######.
 Bolt of Fire             Conj/Fire      #.........   100%        6    #######
 Deflect Missiles         Chrm/Air       #.........   100%        6    #######
 Hydra Form               Tmut           #.........   100%        6    #######
 Iron Shot                Conj/Erth      #.........   100%        6    #######
 Orb of Destruction       Conj           #.........   100%        7    #######
 Spellforged Servitor     Conj/Summ      #.........   100%        7    #######
 Summon Hydra             Summ           #.........   100%        7    #######
 Discord                  Hex            #.........   100%        8    #######


Dungeon Overview and Level Annotations

Branches:
Dungeon (15/15)            Temple (1/1) D:6            Lair (6/6) D:10
 Shoals (2/4) Lair:4        Snake (4/4) Lair:3        Slime (0/5) Lair:5
    Orc (2/2) D:11            Elf (1/3) Orc:2        Vaults (0/5) D:14
 Depths (0/5) D:15

Altars:
Ashenzari
Cheibriados
Dithmenos
Elyvilon
Fedhas
Gozag
Hepliaklqana
Kikubaaqudgha
Makhleb
Nemelex Xobeh
Okawaru
Qazlal
Ru
Sif Muna
Trog
Uskayaw
Vehumet
Wu Jian
Xom
Yredelemnul
Zin
The Shining One

Shops:
D:5 *}![?   D:9 ?   D:10 =   Orc:1 *   Orc:2 [[[?   Elf:1 [   Shoals:1 =[%
Snake:2 [

Annotations:
D:10 exclusion: 2 downstairs
D:13 exclusion: downstairs
Shoals:2 Ilsuiw


Innate Abilities, Weirdness & Mutations

You have hooves in place of feet.
Armour fits poorly on your strangely shaped body.
You cover ground very quickly.
You have extremely tough skin. (AC +3)
You are surrounded by a moderate repulsion field. (EV +3)
You are partially covered in thin metallic scales. (AC +2)
Your flesh is cold resistant. (rC+)
You evolve.
You expend magic power (3 MP) to strengthen your wands.


Message History

The merfolk siren chants its luring song.
The water elemental barely misses you. The water elemental hits you.
Ilsuiw gestures wildly while chanting.
Ilsuiw sings a water chant to call the tide!
You feel much better.
* * * LOW HITPOINT WARNING * * *
Your lungs strain for air!
The merfolk siren chants its luring song.
The water elemental hits you. x2; Ilsuiw barely misses you.
Unknown command.
Evoke which item? (* to show all) (? for menu, Esc to quit)
Aim the lamp in which direction?
Press: ? - help, Dir - move target cursor, f/p - Ilsuiw
Aim: Ilsuiw, wielding a +5 trident of freezing and wearing a +2 robe of positive energy (severely wounded, slightly transparent)
The flames dance!
* * * LOW HITPOINT WARNING * * *
Your lungs strain for air!
The water elemental hits you. The water elemental barely misses you.
You feel yourself speed up.
You die...

..#...........≈...###.....≈≈≈≈≈≈≈
........##....≈.#####.≈.≈≈≈≈≈≈≈≈≈
.......#####....####.≈≈^≈≈≈≈≈≈≈≈≈
........####.........≈≈≈≈≈≈≈≈≈≈≈≈
≈≈≈≈....≈≈......≈≈≈...≈≈≈≈≈≈≈≈≈≈≈
≈≈≈≈....≈≈.≈≈≈.≈≈≈.≈≈≈≈≈≈≈≈≈≈≈≈≈≈
≈≈≈.....≈≈≈≈≈≈≈≈≈≈.≈≈≈≈≈≈≈≈≈≈≈≈≈≈
≈≈≈..≈..≈≈≈≈≈≈≈≈≈≈≈≈≈≈≈≈≈≈≈≈≈≈≈≈
≈≈≈≈≈≈..≈(≈.§§m§@≈.≈≈≈≈≈≈≈≈≈≈≈≈
≈≈≈≈≈≈..≈≈≈§§§§.EE..≈≈≈≈.≈≈≈≈≈ ≈≈
≈≈≈≈≈≈≈§≈§.m..≈≈≈....≈ ≈
≈≈≈≈≈≈≈≈≈≈.).)≈≈≈..##.
≈≈.≈≈≈≈≈≈≈((..≈...##
≈.≈≈≈≈≈(.≈((#......#
≈≈≈≈≈≈≈<≈≈(####.......
≈≈≈≈(≈≈≈≈≈(# ....... ...≈≈≈≈≈≈≈.#
.......


You could see Ilsuiw (invisible), 2 water elementals and a merfolk siren.

Vanquished Creatures
  Mara (Snake:3)
  Vashnia (Snake:3)
  Saint Roka (Snake:2)
  Nikola (Snake:3)
  Gastronok (Lair:1)
  7 nagarajas (Snake:4)
  A frost giant (IceCv)
  3 imperial myrmidons (Desolation)
  The ghost of nikopol the Impaler, a journeyman MiBe of Trog (Orc:2)
  The ghost of Inarius the Severer, a journeyman HOFi of Beogh (Orc:2)
  Aizul (Snake:2)
  The ghost of gruber the Carver, an adept VSBe of Trog (Orc:2)
  A halazid warlock (Desolation)
  Nessos (D:15)
  2 merfolk impalers
  2 crystal guardians (Desolation)
  Snorg (Lair:3)
  Josephine (Orc:2)
  7 ragged hierophants (Desolation)
  An ice dragon (D:13)
  18 naga warriors
  5 servants of whispers (Desolation)
  A hydra (Lair:4)
  A merfolk avatar (Shoals:1)
  9 anacondas
  A catoblepas (Lair:6)
  8 peacekeepers (Desolation)
  3 centaur warriors
  An alligator snapping turtle (Shoals:1)
  4 two-headed ogres
  3 dancing weapons
  A merfolk aquamancer (Shoals:1)
  A satyr (Shoals:2)
  2 tengu warriors
  6 death yaks (Lair:6)
  A deep troll shaman (Lair:6)
  8 shock serpents
  10 naga sharpshooters
  Nergalle (Lair:2)
  4 deep elf knights (Elf:1)
  A salamander mystic (Snake:3)
  A slime creature (D:14)
  6 naga ritualists
  10 sea snakes
  5 lindwurms
  2 deep elf archers (Elf:1)
  9 harpies (Shoals:1)
  6 deep elf magi (Elf:1)
  4 oklob plants (Lair:6)
  2 unseen horrors
  2 cyclopes
  Pikel (D:4)
  11 manticores
  2 orc sorcerers (Orc:2)
  4 orc knights (Orc:2)
  6 mana vipers
  9 ugly things
  5 salamanders
  3 fauns (Shoals:2)
  14 elephants
  35 black mambas
  An ice statue (IceCv)
  Joseph (D:7)
  3 merfolk sirens
  A water nymph (Shoals:1)
  A black mamba (shapeshifter) (D:13)
  10 guardian serpents
  8 naga magi
  5 molten gargoyles
  10 spiny frogs
  3 efreet (Volcano)
  3 rime drakes
  A tengu conjurer (D:13)
  A kobold demonologist (D:13)
  13 komodo dragons
  A yaktaur (D:15)
  A wind drake (Shoals:1)
  6 trolls
  19 polar bears
  4 hornets
  13 blink frogs
  60 saltlings (Desolation)
  4 snapping turtles
  9 merfolk
  11 hippogriffs
  4 dream sheep (Lair:5)
  Sigmund (D:6)
  6 wraiths
  44 yaks
  5 water elementals
  A shadow (D:15)
  A vampire (D:13)
  5 wyverns
  2 hungry ghosts
  A basilisk (Lair:1)
  4 fire elementals (Volcano)
  4 wargs
  5 vampire mosquitoes
  44 nagas
  9 water moccasins
  12 porcupines
  A hornet zombie (D:14)
  2 phantoms
  4 sky beasts
  2 black bears
  An ice beast (D:5)
  36 orc warriors
  A necrophage (D:9)
  32 centaurs
  18 ogres
  20 wolves
  10 crocodiles
  Blork the orc (D:6)
  24 bullfrogs
  7 big kobolds
  A wyvern zombie (D:7)
  2 earth elementals (Volcano)
  A water moccasin zombie (D:8)
  6 scorpions
  17 killer bees
  5 wights (D:9)
  A howler monkey (D:11)
  2 electric eels
  9 crimson imps
  2 centaur zombies
  8 hounds
  6 bullfrog skeletons
  12 orc priests
  6 centaur skeletons
  25 orc wizards
  2 gnoll shamans (D:3)
  3 jellies
  4 iguanas
  12 worker ants
  A killer bee zombie (D:5)
  A hound skeleton (D:5)
  A howler monkey zombie (D:5)
  2 worker ant zombies
  A howler monkey skeleton (D:6)
  13 adders
  4 river rats (Sewer)
  40 gnolls
  7 shadow imps
  A white imp (D:4)
  2 oozes (Sewer)
  2 adder skeletons (D:4)
  An adder zombie (D:6)
  4 worms
  2 dart slugs (D:2)
  11 leopard geckos
  64 orcs
  11 giant cockroaches
  12 hobgoblins
  38 jackals
  6 quokkas
  6 ball pythons
  7 bats
  2 frilled lizards
  13 goblins
  25 kobolds
  A leopard gecko skeleton (D:4)
  A quokka skeleton (D:5)
  2 quokka zombies
  17 rats
  A butterfly (Lair:2)
  2 fire vortices (Volcano)
  A fungus (Lair:6)
  3 plants
1187 creatures vanquished.

Vanquished Creatures (collateral kills)
  A yaktaur captain (D:15)
  An ogre mage (D:15)
  A centaur warrior (D:15)
  A two-headed ogre (D:15)
  2 ugly things
  A tengu conjurer (D:15)
  A troll (D:15)
  A centaur (D:15)
  A big kobold (D:14)
  3 wights (D:15)
  A jelly (D:15)
  An orc wizard (D:14)
  3 orcs (D:14)
18 creatures vanquished.

Vanquished Creatures (others)
  A water elemental (Elf:1)
  An ogre (D:4)
  A hound (D:4)
  A bullfrog skeleton (D:4)
  A gnoll (D:4)
  A fire vortex (Volcano)
  5 fungi
  4 plants
15 creatures vanquished.

Grand Total: 1220 creatures vanquished

Notes
Turn   | Place    | Note
-------+----------+-------------------------------------------
     0 | D:1      | Vizzle the Centaur Hunter began the quest for the Orb.
     0 | D:1      | Reached XP level 1. HP: 17/17 MP: 1/1
   261 | D:1      | Reached XP level 2. HP: 24/24 MP: 2/2
   462 | D:1      | Reached skill level 6 in Bows
   648 | D:1      | Reached XP level 3. HP: 26/29 MP: 3/3
   789 | D:2      | Reached skill level 1 in Armour
   828 | D:2      | Found a hide-covered altar of Uskayaw.
   926 | D:2      | Reached skill level 1 in Polearms
  1100 | D:2      | Found a snail-covered altar of Cheibriados.
  1113 | D:2      | Reached XP level 4. HP: 31/36 MP: 4/4
  1205 | D:2      | Found an ornate altar of the Wu Jian Council.
  1867 | D:3      | Reached XP level 5. HP: 25/42 MP: 5/5
  2745 | D:3      | Reached XP level 6. HP: 50/50 MP: 6/6
  3198 | D:3      | Noticed a sky beast
  3221 | D:3      | Killed a sky beast
  3549 | D:3      | Reached skill level 7 in Bows
  3835 | D:3      | Reached XP level 7. HP: 44/57 MP: 7/7
  5048 | D:4      | Noticed Pikel
  5166 | D:4      | Killed Pikel
  5166 | D:4      | Reached skill level 5 in Polearms
  5166 | D:4      | Reached skill level 8 in Bows
  5166 | D:4      | Reached XP level 8. HP: 41/66 MP: 8/8
  6233 | D:5      | Entered Level 5 of the Dungeon
  6278 | D:5      | Found Yliha Yme's Assorted Antiques.
  6393 | D:5      | Found Fogev's Armour Emporium.
  6501 | D:5      | Found Qalymi Qiegg's Gadget Shoppe.
  6584 | D:5      | Found Niliyzea's Distillery.
  6603 | D:5      | Bought a potion of mutation for 88 gold pieces
  6887 | D:5      | Found a sacrificial altar of Ru.
  6995 | D:5      | Reached skill level 9 in Bows
  7262 | D:5      | Reached skill level 5 in Armour
  7262 | D:5      | Reached XP level 9. HP: 69/71 MP: 9/9
  7310 | D:5      | Found Hosch's Magic Scroll Shoppe.
  7316 | D:5      | Bought 2 scrolls of enchant weapon for 165 gold pieces
  7820 | D:6      | Gained mutation: You are partially covered in thin metallic
                  | scales. (AC +2) [potion of mutation]
  7820 | D:6      | Gained mutation: You evolve. [potion of mutation]
  7835 | D:6      | Noticed Blork the orc
  7894 | D:6      | Found a staircase to the Ecumenical Temple.
  7903 | Temple   | Entered the Ecumenical Temple
  8052 | D:6      | Noticed Sigmund
  8100 | D:6      | Found a glowing drain.
  8111 | Sewer    | Entered a sewer
  8231 | Sewer    | Gained mutation: You passively map a small area around you.
                  | [evolution]
  8513 | Sewer    | Reached skill level 10 in Bows
  8832 | D:6      | Found a blossoming altar of Fedhas.
  8954 | D:6      | Killed Blork the orc
  9409 | D:6      | Got a scintillating steel ring
  9410 | D:6      | Identified the ring of Ifudede {Wiz rElec rC+} (You found
                  | it on level 6 of the Dungeon)
  9645 | D:6      | Reached skill level 5 in Fighting
 10066 | D:7      | Noticed Joseph
 10090 | D:7      | Killed Joseph
 10354 | D:7      | Gained mutation: You are surrounded by a mild repulsion
                  | field. (EV +2) [evolution]
 10355 | D:7      | Found a shimmering altar of Xom.
 10356 | D:7      | Found a hazy altar of Hepliaklqana.
 10357 | D:7      | Noticed a spectral ugly thing
 10637 | D:7      | Found an opulent altar of Gozag.
 10725 | D:7      | Found a bloodstained altar of Trog.
 10726 | D:7      | Found an iron altar of Okawaru.
 10905 | D:7      | Found a deep blue altar of Sif Muna.
 11044 | D:7      | Became a worshipper of Warmaster Okawaru
 11341 | D:7      | Reached XP level 10. HP: 81/81 MP: 10/10
 11565 | D:7      | Reached skill level 11 in Bows
 11635 | D:8      | Reached * piety under Okawaru
 11682 | D:8      | Got a bloodstained robe
 12304 | D:9      | Reached skill level 1 in Invocations
 12321 | D:9      | Found Loack's Magic Scroll Shoppe.
 12489 | D:9      | Got a polished morningstar
 12490 | D:9      | Identified the +11 morningstar "Dragonbane" {freeze, +Inv
                  | rN++} (You found it on level 9 of the Dungeon)
 12491 | D:9      | Identified the cursed +0 robe of the Postmodern Tables
                  | {rF++ MP+9} (You found it on level 8 of the Dungeon)
 12553 | D:9      | Reached ** piety under Okawaru
 12808 | D:9      | Found a stormy altar of Qazlal.
 12813 | D:9      | Found a burning altar of Makhleb.
 12813 | D:9      | Found a basalt altar of Yredelemnul.
 13096 | D:9      | Gained mutation: You are agile. (Dex +2) [evolution]
 13541 | D:9      | Reached skill level 1 in Evocations
 13545 | D:9      | Noticed a green ugly thing
 13607 | D:9      | Killed a green ugly thing
 13607 | D:9      | Reached skill level 12 in Bows
 14068 | D:9      | Noticed a two-headed ogre
 14094 | D:9      | Killed a two-headed ogre
 14250 | D:10     | Entered Level 10 of the Dungeon
 14250 | D:10     | Found Ozxu's Jewellery Shoppe.
 14348 | D:9      | Reached XP level 11. HP: 83/89 MP: 13/13
 14583 | D:10     | Reached *** piety under Okawaru
 14583 | D:10     | Received a gift from Okawaru
 14768 | D:10     | Lost mutation: You passively map a small area around you.
                  | [evolution]
 14945 | D:10     | Reached skill level 13 in Bows
 15072 | D:10     | Found a staircase to the Lair.
 16092 | D:11     | Learned a level 3 spell: Portal Projectile
 16225 | D:11     | Reached **** piety under Okawaru
 16511 | D:11     | Found a staircase to the Orcish Mines.
 17602 | D:12     | Identified a scroll of acquirement
 17608 | D:12     | Got a fine bardiche
 17609 | D:12     | Identified the +6 bardiche of Zienkum {chop, *Drain +Blink
                  | rN+} (You acquired it on level 12 of the Dungeon)
 17642 | D:12     | Received a gift from Okawaru
 17642 | D:12     | Reached skill level 14 in Bows
 18766 | D:13     | Gained mutation: You are surrounded by a moderate repulsion
                  | field. (EV +3) [evolution]
 18940 | D:13     | Found a frozen archway.
 18973 | D:13     | Reached ***** piety under Okawaru
 18986 | D:13     | Reached XP level 12. HP: 79/100 MP: 15/15
 19014 | D:13     | Noticed an ice dragon
 19178 | IceCv    | Entered an ice cave
 19206 | IceCv    | Received a gift from Okawaru
 19469 | IceCv    | Reached skill level 5 in Invocations
 19968 | IceCv    | Received a gift from Okawaru
 20251 | IceCv    | Received a gift from Okawaru
 20399 | IceCv    | Noticed a frost giant
 20447 | IceCv    | Received a gift from Okawaru
 20461 | IceCv    | Killed a frost giant
 20660 | IceCv    | Received a gift from Okawaru
 20665 | IceCv    | Found the cursed +13 scythe of Curses {drain, *Curse}
 20996 | D:13     | Killed an ice dragon
 21466 | D:13     | Noticed a tengu warrior
 21481 | D:13     | Killed a tengu warrior
 21481 | D:13     | Received a gift from Okawaru
 21905 | D:13     | Got a smoking helmet
 21911 | D:13     | Identified the cursed +1 helmet of the Vacuum {rC+ Str+2
                  | Dex+6} (You found it on level 13 of the Dungeon)
 22350 | D:14     | Paralysed by a hornet for 3 turns
 22371 | D:13     | Reached XP level 13. HP: 39/113 MP: 16/18
 23186 | D:14     | Reached skill level 10 in Fighting
 23298 | D:14     | Received a gift from Okawaru
 23804 | D:13     | Gained mutation: You rapidly evolve. [evolution]
 24114 | D:14     | Reached skill level 10 in Polearms
 24169 | D:14     | Found a gate to the Vaults.
 24224 | D:14     | Received a gift from Okawaru
 24456 | D:15     | Entered Level 15 of the Dungeon
 24514 | D:15     | Reached skill level 10 in Armour
 24517 | D:15     | Noticed Nessos
 24538 | D:15     | Killed Nessos
 24538 | D:15     | Reached ****** piety under Okawaru
 24938 | D:15     | Found a staircase to the Depths.
 25569 | Lair:1   | Entered Level 1 of the Lair of Beasts
 25617 | Lair:1   | Noticed Gastronok
 25626 | Lair:1   | Killed Gastronok
 25626 | Lair:1   | Reached XP level 14. HP: 108/124 MP: 19/19
 25722 | Lair:1   | You fall through a shaft!
 25726 | Lair:2   | Found a dark tunnel.
 25731 | Volcano  | Entered a volcano
 26017 | Volcano  | Received a gift from Okawaru
 26017 | Volcano  | Reached skill level 15 in Bows
 26021 | Volcano  | Got a scorched longbow {god gift}
 26023 | Volcano  | Identified the +7 longbow "Ninawufe" {velocity, Dex+3}
                  | (Okawaru gifted it to you in a volcano)
 26961 | Lair:2   | Got a warped ring mail
 26962 | Lair:2   | Identified the cursed +1 ring mail "Xisaph" {-Tele rPois
                  | rCorr Stlth-} (You found it on level 2 of the Lair of
                  | Beasts)
 27255 | Lair:2   | Reached skill level 16 in Bows
 27314 | Lair:2   | Noticed Nergalle
 27319 | Lair:2   | Killed Nergalle
 27826 | Lair:1   | Received a gift from Okawaru
 28564 | Lair:3   | Found a staircase to the Snake Pit.
 28746 | Lair:3   | Received a gift from Okawaru
 29064 | Lair:4   | Found a staircase to the Shoals.
 29069 | Lair:4   | Reached skill level 17 in Bows
 29294 | Lair:4   | Noticed Snorg
 29349 | Lair:3   | Killed Snorg
 29394 | Lair:2   | Gained mutation: You expend magic power (3 MP) to
                  | strengthen your wands. [evolution]
 29795 | Lair:4   | Found a white marble altar of Elyvilon.
 29951 | Lair:4   | Received a gift from Okawaru
 30542 | Lair:5   | Received a gift from Okawaru
 30896 | Lair:5   | Reached skill level 18 in Bows
 30935 | Lair:5   | Found a staircase to the Slime Pits.
 31428 | Lair:5   | Lost mutation: You rapidly evolve. [decline of evolution]
 31641 | Lair:6   | Entered Level 6 of the Lair of Beasts
 31689 | Lair:6   | Reached XP level 15. HP: 130/130 MP: 20/20
 32074 | Lair:6   | Received a gift from Okawaru
 32338 | Lair:6   | Reached skill level 19 in Bows
 32926 | Orc:1    | Entered Level 1 of the Orcish Mines
 33223 | Orc:1    | Found Vuipett's General Store.
 33273 | Orc:1    | Bought a scroll of enchant weapon for 97 gold pieces
 33807 | Orc:2    | Entered Level 2 of the Orcish Mines
 33810 | Orc:2    | Found a runed translucent gate.
 33810 | Orc:2    | Found a runed translucent gate.
 33811 | Orc:2    | Found a runed translucent gate.
 33813 | Orc:2    | Noticed Inarius's ghost (journeyman HOFi)
 33813 | Orc:2    | Noticed gruber's ghost (adept VSBe)
 33813 | Orc:2    | Noticed nikopol's ghost (journeyman MiBe)
 34435 | Orc:2    | Noticed Josephine
 34502 | Orc:2    | Killed Josephine
 34590 | Orc:2    | Paralysed by an orc sorcerer for 4 turns
 35004 | Orc:2    | Found Rebraof's Antique Armour Shoppe.
 35004 | Orc:2    | Found Boosidim's Antique Armour Boutique.
 35149 | Orc:2    | Found Oxton's Antique Armour Emporium.
 35151 | Orc:2    | Found Bizaq's Magic Scroll Shop.
 35163 | Orc:2    | Bought a scroll of blinking for 82 gold pieces
 35426 | Lair:6   | Identified the +1 chain mail "Pihazuv" {rPois Str+4 Slay-4}
                  | (Okawaru gifted it to you on level 6 of the Lair of Beasts)
 35763 | Orc:2    | Reached skill level 20 in Bows
 35801 | Orc:2    | Found a staircase to the Elven Halls.
 36095 | Orc:2    | Killed nikopol's ghost
 36137 | Orc:2    | Killed gruber's ghost
 36174 | Orc:2    | Killed Inarius's ghost
 36174 | Orc:2    | Received a gift from Okawaru
 36189 | Orc:2    | Got a twisted plate armour {god gift}
 36190 | Orc:2    | Identified the +8 plate armour of the Solstice {MR++ Regen+
                  | Dex-4 SInv} (Okawaru gifted it to you on level 2 of the
                  | Orcish Mines)
 36251 | Orc:2    | Gained mutation: Your flesh is cold resistant. (rC+)
                  | [evolution]
 36564 | Elf:1    | Entered Level 1 of the Elven Halls
 36618 | Elf:1    | Found Wiamex's Antique Armour Boutique.
 36867 | Elf:1    | Found a ruined gateway.
 36964 | Desolati | Entered the Desolation of Salt
 37021 | Desolati | Reached XP level 16. HP: 141/141 MP: 17/21
 37025 | Desolati | Got a pitted platinum amulet
 37027 | Desolati | Identified the amulet of Suspected Treachery {Harm *Drain
                  | rPois rC+} (You found it in the Desolation of Salt)
 37038 | Desolati | Got a fine scale mail
 37110 | Desolati | Found the +2 cloak of the Thief {+Fog Slay-2 SInv Stlth+}
 37152 | Desolati | Identified the Collected Works on Fire
 37155 | Desolati | Got a smoking plate armour
 37410 | Desolati | Received a gift from Okawaru
 37515 | Desolati | Identified Sif Muna's Grimoire of Shifting Weightlessness
 37517 | Desolati | Identified Xulade's Guide on Earth
 37523 | Desolati | Got a bound ivory ring
 37548 | Desolati | Got a translucent plate armour
 37815 | Desolati | Received a gift from Okawaru
 37990 | Desolati | Received a gift from Okawaru
 38527 | D:9      | Bought a scroll of identify for 28 gold pieces
 38527 | D:9      | Bought a scroll of identify for 28 gold pieces
 38527 | D:9      | Bought a scroll of identify for 28 gold pieces
 38527 | D:9      | Bought a scroll of identify for 28 gold pieces
 38527 | D:9      | Bought a scroll of enchant armour for 105 gold pieces
 38527 | D:9      | Bought a scroll of enchant armour for 105 gold pieces
 38529 | D:9      | Identified the cursed +1 plate armour "Xaetsy" {rN+ Slay+2}
                  | (You found it in the Desolation of Salt)
 38531 | D:9      | Identified the +8 plate armour "Qamopn" {rF+ MR+ Int-5
                  | Dex+6} (You found it in the Desolation of Salt)
 38534 | D:9      | Identified the ring of Ciwnisic {rF+ Dex+3 Stlth+} (You
                  | found it in the Desolation of Salt)
 38747 | Snake:1  | Entered Level 1 of the Snake Pit
 39269 | D:6      | Killed Sigmund
 39309 | D:5      | Bought a scroll of enchant armour for 82 gold pieces
 40204 | Snake:2  | Noticed Saint Roka
 40207 | Snake:2  | Received a gift from Okawaru
 40213 | Snake:2  | Killed Saint Roka
 40372 | Snake:2  | Noticed Aizul
 40387 | Snake:2  | Killed Aizul
 40387 | Snake:2  | Received a gift from Okawaru
 40400 | Snake:2  | Reached skill level 15 in Fighting
 40400 | Snake:2  | Reached XP level 17. HP: 47/156 MP: 24/24
 40494 | Snake:2  | Lost mutation: You are agile. (Dex +2) [evolution]
 40604 | Snake:2  | Found Yrroac's Armour Shop.
 40672 | Snake:2  | Got a distressingly furry helmet
 40673 | Snake:2  | Identified the cursed +0 helmet of Fuimusou {*Drain rC-
                  | rCorr MP+9} (You found it on level 2 of the Snake Pit)
 40812 | Snake:2  | Reached skill level 10 in Invocations
 41099 | Snake:3  | Received a gift from Okawaru
 41126 | Snake:3  | Noticed Nikola
 41144 | Snake:3  | Killed Nikola
 41182 | Snake:3  | Noticed Vashnia
 41220 | Snake:3  | Killed Vashnia
 41351 | Snake:3  | Noticed Mara
 41380 | Snake:3  | Killed Mara
 41733 | Snake:3  | Received a gift from Okawaru
 41833 | Snake:3  | Received a gift from Okawaru
 42234 | Snake:4  | Entered Level 4 of the Snake Pit
 42252 | Snake:4  | Received a gift from Okawaru
 42451 | Snake:4  | Received a gift from Okawaru
 42704 | Snake:4  | Reached XP level 18. HP: 133/168 MP: 26/26
 42766 | Snake:4  | Received a gift from Okawaru
 42977 | Snake:4  | Received a gift from Okawaru
 43789 | Snake:4  | Got a serpentine rune of Zot
 44106 | Shoals:1 | Entered Level 1 of the Shoals
 44106 | Shoals:1 | Found Adexuapa's Food Emporium.
 44392 | Shoals:1 | Received a gift from Okawaru
 44516 | Shoals:1 | Received a gift from Okawaru
 44561 | Shoals:1 | Found Qeocaus's Jewellery Shoppe.
 44562 | Shoals:1 | Found Emmof's Armour Shop.
 45559 | Shoals:2 | Noticed Ilsuiw
 45600 | Shoals:2 | HP: 3/170 [water elemental[Ilsuiw] (13)]
 45604 | Shoals:2 | Drowned by a water elemental

Levels and vault maps discovered:
D:1:      wheals_arrival_linesprint, layout_basic
D:2:      layout_rooms, overflow_temple_1_default, lemuel_round_altar,
          nicolae_overflow_crystal_walls, first_ration, minmay_misc_feat_plants
D:3:      lemuel_castle_with_subvaults [lemuel_castle_interior_carwin_1],
          layout_loops_ring, minivault_19, minmay_misc_feat_encased
D:4:      layout_basic, minmay_fire_ice_demons, uniq_pikel
D:5:      layout_cave_pods, hangedman_ru_absence, serial_shops,
          nicolae_shop_trees, shop, shop, nicolae_shop_overgrown_old_shop, shop
D:6:      minmay_cornered_nines, layout_loops_corners, lemuel_doored_altar,
          minmay_temple_entry_nine_rooms, gup_sewer_entry_pipe, dk_vineyard_3,
          hangedman_decor_opposing, nicolae_water_bricks, nrook_mini_backslash,
          uniq_sigmund, uniq_blork_the_orc
D:7:      layout_gridville, regret_index_temple_of_mockery,
          grunt_temple_overflow_bloody_war, led_sif_book, basic_altar,
          uniq_joseph
D:8:      layout_rooms
D:9:      wad_river_or_something, layout_long_grid,
          chequers_temple_overflow_statue_of_worship, serial_shops,
          kennysheep_mini_moat
D:10:     layout_irregular_city, grunt_lair_entry_orc_guard_hut, serial_shops,
          shop, blue_anna_alchemist [blue_anna_fruit_fields,
          blue_anna_fruit_fields]
D:11:     layout_cave_pools, orc_0_dummy
D:12:     layout_irregular_city, serial_column_ruins, column_ruins_hut,
          column_ruins_open_tiny, column_ruins_open_small,
          column_ruins_open_tiny, column_ruins_open_tiny, column_ruins_grid_3,
          column_ruins_corridor_T
D:13:     layout_loops_ring, portal_ice_cave_entry_animals_and_master
D:14:     layout_rooms, erik_vaults_1, minmay_misc_feat_nine_boxes
D:15:     grunt_enter_depths_snipers, layout_loops_ring,
          hangedman_abyss_or_decor_clamps, uniq_nessos
Temple:   kb_temple_of_zot
Lair:1:   layout_regular_city, minivault_27, infiniplex_staircase_pool,
          lemuel_fruit_tree, uniq_gastronok
Lair:2:   cheibrodos_lair_overgrown_chateau, layout_chaotic_city,
          nicolae_volcano_entry_s_turn, lemuel_fruit_fields, uniq_nergalle
Lair:3:   layout_gridlike, dummy_snake_entry
Lair:4:   layout_small_grid, minmay_shoals_entry_beasts, basic_altar, uniq_snorg
Lair:5:   layout_cave_shapes, slime_dummy, chequers_serial_rivers_room_b,
          beast_lair_carwin_7, grunt_megastairs_1
Lair:6:   grunt_lair_end_beastmaster, layout_loops_ring,
          minmay_lair_oklob_chamber
Shoals:1: layout_shoals, serial_shops, nicolae_shop_crystal, shop,
          nicolae_shop_crystal, nicolae_shoals_loop_pool
Shoals:2: layout_shoals, uniq_ilsuiw
Snake:1:  layout_chambers
Snake:2:  layout_rooms, serial_shops, nicolae_shop_behind_doors,
          uniq_saint_roka, uniq_aizul
Snake:3:  layout_concentric_octagons, grunt_megastairs_3, uniq_vashnia,
          uniq_mara, uniq_nikola
Snake:4:  grunt_snake_rune_pools, layout_rooms
Orc:1:    layout_caves, serial_shops, shop_statue, nicolae_orc_crystal_geode
Orc:2:    st_orc_rangers, layout_diamond_mine, gammafunk_ghost_cemetery,
          uniq_josephine
Elf:1:    layout_onion_city, serial_shops, nicolae_shop_trees,
          portal_desolation_entry_nicolae_slug, kennysheep_underground_church,
          minmay_checkered_concentric_circles

Skill      XL: |  1  2  3  4  5  6  7  8  9 10 11 12 13 14 15 16 17 18 |
---------------+-------------------------------------------------------+-----
Bows           | 6 7 8 9 10 12 14 18 20 | 20.0
Armour         | 1 2 4 5 6 7 8 9 10 11 12 13 14 | 14.1
Polearms       | 1 2 3 5 7 8 11 | 11.1
Fighting       | 3 4 5 6 7 9 11 12 15 16 17 | 17.5
Invocations    | 2 4 6 7 9 11 | 11.8
Evocations     | 1 2 |  2.4
Dodging        | |  1.3
Stealth        | |  0.4

Action                   |  1- 3 |  4- 6 |  7- 9 | 10-12 | 13-15 | 16-18 || total
-------------------------+-------+-------+-------+-------+-------+-------++-------
Melee: Spear             |   119 |   295 |   584 |   337 |       |       ||  1335
       Kick              |    16 |    43 |    97 |    93 |    33 |       ||   282
       Short sword       |     1 |       |       |       |       |       ||     1
       Morningstar       |       |       |       |    10 |       |       ||    10
       Bardiche          |       |       |       |     7 |       |       ||     7
       Scythe            |       |       |       |    64 |   165 |       ||   229
 Fire: Shortbow          |       |     5 |   162 |   848 |       |       ||  1015
       Longbow           |       |       |       |       |   984 |  1054 ||  2038
Invok: Heroism           |       |       |       |     7 |     4 |     8 ||    19
       Finesse           |       |       |       |     2 |     2 |     5 ||     9
 Abil: Evoke Berserk Rag |       |       |       |     1 |       |       ||     1
Evoke: Wand              |       |       |       |     5 |       |       ||     5
       Lamp of fire      |       |       |       |       |       |     1 ||     1
  Use: Potion            |       |     2 |     3 |       |     1 |     7 ||    13
       Scroll            |       |       |     5 |    14 |    21 |    17 ||    57
  Eat: Chunk             |       |     8 |    20 |    24 |    28 |    13 ||    93
       Ration            |       |       |       |     2 |     3 |     2 ||     7
Armor: Leather armour    |    36 |    56 |       |       |       |       ||    92
       Scale mail        |       |     9 |    76 |   399 |   121 |       ||   605
       Chain mail        |       |       |    94 |       |   188 |       ||   282
       Plate armour      |       |       |       |       |    24 |   309 ||   333
Dodge: Dodged            |    41 |    77 |   124 |   409 |   176 |    95 ||   922

Table legend:
 A = Non-vault XP
 B = Vault XP
 C = Vault XP percentage of total XP
 D = Non-vault monster count
 E = Vault monster count
 F = Vault count percentage of total count
                 A         B        C        D         E       F
            +---------+---------+-------+---------+---------+-------
      Total |  151256 |  190717 |  55.8 |     718 |     480 |  40.1
            +---------+---------+-------+---------+---------+-------
        D:1 |      41 |       0 |   0.0 |      17 |       0 |   0.0
        D:2 |      85 |       0 |   0.0 |      35 |       0 |   0.0
        D:3 |     347 |     736 |  68.0 |      40 |      53 |  57.0
        D:4 |     250 |     653 |  72.3 |      16 |       3 |  15.8
        D:5 |     985 |       0 |   0.0 |      27 |       0 |   0.0
        D:6 |     730 |     469 |  39.1 |      14 |      11 |  44.0
        D:7 |     999 |     528 |  34.6 |      12 |       4 |  25.0
        D:8 |     837 |       0 |   0.0 |      17 |       0 |   0.0
        D:9 |    3175 |     882 |  21.7 |      27 |       9 |  25.0
       D:10 |    1453 |     872 |  37.5 |      23 |       6 |  20.7
       D:11 |    3611 |       0 |   0.0 |      46 |       0 |   0.0
       D:12 |    3175 |     282 |   8.2 |      39 |       1 |   2.5
       D:13 |    6501 |    2325 |  26.3 |      28 |       7 |  20.0
       D:14 |   10517 |    1808 |  14.7 |      46 |       2 |   4.2
       D:15 |    8588 |    2687 |  23.8 |      26 |       4 |  13.3
     Lair:1 |    3179 |    2099 |  39.8 |      18 |       1 |   5.3
     Lair:2 |    4422 |    4500 |  50.4 |      17 |      16 |  48.5
     Lair:3 |    6288 |    1373 |  17.9 |      22 |       2 |   8.3
     Lair:4 |    4796 |     556 |  10.4 |      15 |       1 |   6.2
     Lair:5 |    3675 |    4750 |  56.4 |      18 |      14 |  43.8
     Lair:6 |    4628 |   13991 |  75.1 |      16 |      28 |  63.6
   Shoals:1 |   16339 |       0 |   0.0 |      33 |       0 |   0.0
   Shoals:2 |    5273 |    1796 |  25.4 |      12 |       3 |  20.0
    Snake:1 |    8451 |       0 |   0.0 |      18 |       0 |   0.0
    Snake:2 |   11449 |    7376 |  39.2 |      24 |      16 |  40.0
    Snake:3 |   12193 |   27896 |  69.6 |      24 |      20 |  45.5
    Snake:4 |   13821 |   40739 |  74.7 |      22 |      59 |  72.8
      Orc:1 |    1245 |       0 |   0.0 |      14 |       0 |   0.0
      Orc:2 |    5333 |   11772 |  68.8 |      39 |      49 |  55.7
      Elf:1 |    8870 |       0 |   0.0 |      13 |       0 |   0.0
      Sewer |       0 |     406 | 100.0 |       0 |      28 | 100.0
      IceCv |       0 |    9794 | 100.0 |       0 |      36 | 100.0
    Volcano |       0 |    5044 | 100.0 |       0 |      15 | 100.0
 Desolation |       0 |   47383 | 100.0 |       0 |      92 | 100.0
            +---------+---------+-------+---------+---------+-------
